 Dungeon Crawl Stone Soup version 0.18.1-8-gdd0e5ea (webtiles) character file.

56 tyvek the Poker (level 3, 0/29 HPs)
             Began as a Merfolk Skald on May 23, 2016.
             Killed from afar by an orc wizard (3 damage)
             ... with a magic dart
             ... on level 3 of the Dungeon.
             The game lasted 00:01:43 (1770 turns).

tyvek the Poker (Merfolk Skald)                     Turns: 1770, Time: 00:01:43

Health: 0/29       AC:  3    Str: 13    XL:     3   Next: 97%
Magic:  0/6        EV: 12    Int: 11    God:
Gold:   140        SH:  0    Dex: 13    Spells: 1 memorised, 5 levels left

rFire  . . .     SeeInvis .     a - +0 spear
rCold  . . .     Gourm    .     b - +0 leather armour
rNeg   . . .     Faith    .     (no shield)
rPois  .         Spirit   .     (no helmet)
rElec  .         Dismiss  .     (no cloak)
rCorr  .         Reflect  .     (no gloves)
SustAt .         Harm     .     (no boots)
MR     .....                    (no amulet)
Stlth  +.........               (no ring)
                                (no ring)

@: infused, not resistant to hostile enchantments, very unstealthy
A: change form in water, swift swim
a: no special abilities


You were on level 3 of the Dungeon.
You were not hungry.

You visited 1 branch of the dungeon, and saw 3 of its levels.

You collected 140 gold pieces.

Inventory:

Hand Weapons
 a - a +0 spear (weapon)
Armour
 b - a +0 leather armour (worn)
 s - a +0 shield
   (You found it on level 2 of the Dungeon)
Scrolls
 e - a scroll of teleportation {unknown}
 f - a scroll of enchant weapon {unknown}
 h - a scroll of immolation {unknown}
 i - 2 scrolls of recharging {unknown}
 k - a scroll of random uselessness {unknown}
 m - 4 scrolls of identify {unknown}
 n - a scroll of amnesia {unknown}
 o - 5 scrolls of remove curse {unknown}
 p - a scroll of fog {unknown}
 q - a scroll of blinking {unknown}
Potions
 g - a potion of heal wounds {unknown}
 j - 2 potions of lignification {unknown}
 l - a potion of degeneration {unknown}
 r - a potion of ambrosia {unknown}
Books
 c - a book of Battle
Comestibles
 d - 3 bread rations {@e1}


   Skills:
 + Level 3.2 Fighting
 * Level 4.4 Polearms
 - Level 0.6 Armour
 + Level 2.4 Dodging
 - Level 2.0 Spellcasting
 - Level 3.2 Charms


You had 5 spell levels left.
You knew the following spells:

 Your Spells              Type           Power        Failure   Level  Hunger
a - Infusion              Chrm           #...         12%         1    ##.....


Dungeon Overview and Level Annotations

Branches:
Dungeon (3/15)

Altars:


Message History

You closely miss the orc. The orc hits you with a mace.
You take 3 damage, and have 15/29 hp.
You are too injured to fight recklessly!
You are too injured to fight recklessly!
You are too injured to fight recklessly!
You are too injured to fight recklessly!
You are too injured to fight recklessly!
You are too injured to fight recklessly!
You hit the orc.
You kill the orc!
An orc comes into view. It is wielding a club.
The orc shouts!
You hear a shout!
Things that are here:
a mace; an orc corpse You butcher the orc corpse.
An orc comes into view. It is wielding a flail.
Things that are here:
a mace; 2 chunks of flesh {@w0}; an orc skeleton You are too injured to fight recklessly!
You are too injured to fight recklessly!
You begin infusing your attacks with magical energy.
The orc closely misses you.
You now have 5/6 mp.
You closely miss the orc. You closely miss the orc. You closely miss the orc.
You closely miss the orc. The orc hits you but does no damage.
You hit the orc. The orc closely misses you.
You now have 4/6 mp.
You closely miss the orc. The orc hits you with a flail.
You take 3 damage, and have 13/29 hp.
You hit the orc.
You kill the orc!
You hit the orc but do no damage. You closely miss the orc.
The orc closely misses you.
You hit the orc. The orc hits you with a club.
An orc wizard comes into view. It is wielding a dagger.
You take 4 damage, and have 9/29 hp.
You barely miss the orc. The orc hits you but does no damage.
You closely miss the orc. The orc closely misses you.
A jackal comes into view.
You closely miss the orc.
The jackal barks!
You hit the orc but do no damage. The orc closely misses you.
A jackal comes into view.
The jackal barks!
You hit the orc.
A jackal comes into view.
You now have 3/6 mp.
The jackal barks!
You hit the orc wizard. You closely miss the orc wizard.
Your magical infusion is running out.
The orc wizard closely misses you. The jackal bites you.
* * * LOW HITPOINT WARNING * * *
The jackal barely misses you.
You take 3 damage, and have 7/29 hp.
The jackal bites you.
* * * LOW HITPOINT WARNING * * *
You take 1 damage, and have 6/29 hp.
You extend your infusion's duration.
The jackal bites you.
* * * LOW HITPOINT WARNING * * *
The orc wizard casts a spell.
The orc wizard blinks!
The jackal misses you.
You take 1 damage, and have 5/29 hp.
You now have 3/6 mp.
You hit the jackal. The jackal misses you.
You now have 2/6 mp.
You hit the jackal. The jackal misses you.
You now have 1/6 mp.
You hit the jackal.
You kill the jackal!
You now have 0/6 mp.
You hit the jackal but do no damage. The jackal bites you.
* * * LOW HITPOINT WARNING * * *
You take 1 damage, and have 4/29 hp.
You hit the jackal. The jackal closely misses you.
You hit the jackal but do no damage. The jackal closely misses you.
The jackal bites you but does no damage.
You hit the jackal.
You kill the jackal!
The jackal barely misses you.
You barely miss the jackal. The jackal bites you.
* * * LOW HITPOINT WARNING * * *
You take 1 damage, and have 4/29 hp.
You hit the jackal but do no damage. The jackal closely misses you.
The orc wizard mumbles some strange words.
The orc wizard blinks!
You hit the jackal.
The jackal bites you but does no damage.
You hit the jackal.
You kill the jackal!
You now have 0/6 mp.
You closely miss the orc. The orc hits you with a club.
* * * LOW HITPOINT WARNING * * *
You take 1 damage, and have 3/29 hp.
You closely miss the orc. The orc hits you but does no damage.
The orc wizard gestures at you while chanting.
The magic dart hits you!
You die...

#.# .# #.# ..# ..
#.# ...#
....###.####....##
......?!.)).......
.#..##.#####+####
#.##.# #..#o# .
#.#@###....
#.....o....
##.####.... #..#
.. ##.# #.##
#######..####.##
................
########.####.#


You could see an orc wizard and an orc.

Vanquished Creatures
  An adder (D:2)
  3 dart slugs
  2 orcs (D:3)
  A giant cockroach (D:2)
  7 hobgoblins
  7 jackals
  A quokka (D:2)
  6 bats
  2 giant newts
  4 kobolds
  A rat (D:1)
35 creatures vanquished.

Notes
Turn   | Place    | Note
--------------------------------------------------------------
     0 | D:1      | tyvek the Merfolk Skald began the quest for the Orb.
     0 | D:1      | Reached XP level 1. HP: 16/16 MP: 3/3
   317 | D:1      | Reached XP level 2. HP: 22/23 MP: 5/5
   687 | D:1      | Reached skill level 4 in Polearms
   694 | D:1      | Reached skill level 2 in Dodging
   878 | D:2      | Reached XP level 3. HP: 25/28 MP: 6/6
  1476 | D:2      | Reached skill level 3 in Fighting
  1753 | D:3      | HP: 7/29 [jackal (3)]
  1761 | D:3      | HP: 4/29 [jackal (1)]
  1769 | D:3      | HP: 3/29 [orc/club (1)]
  1770 | D:3      | Killed from afar by an orc wizard

Skill      XL: |  1  2  3 |
---------------+----------+-----
Polearms       | 4 |  4.4
Dodging        | 2 |  2.4
Fighting       | 3 |  3.2
Armour         | |  0.6
Spellcasting   | |  2.0
Charms         | |  3.2

Action                   || total
-------------------------++-------
Melee: Spear             ||   169
 Cast: Infusion          ||     3
 Stab: Sleeping          ||     2
  Eat: Bread ration      ||     1
       Chunk             ||     1
Armor: Leather armour    ||    34
Dodge: Dodged            ||    63

Vault maps used:
D:1:      saegor_arrival_miasma
D:2:      first_bread

Table legend:
 A = Turns spent in this place as a percentage of turns spent in the entire game.
 B = Non-inter-level travel turns spent in this place as a percentage of non-inter-level travel turns spent in the entire game.
 C = Inter-level travel turns spent in this place as a percentage of turns spent in this place.
 D = Turns resting spent in this place as a percentage of non-inter-level travel turns spent in this place.
 E = Turns spent auto-exploring this place as a percentage of non-inter-level travel turns spent in this place.
 F = Non-inter-level travel turns spent in this place divided by the number of levels of this place that you've seen.
                   A       B       C       D       E      F
               +-------+-------+-------+-------+-------+----------------------
         Total | 100.0 | 100.0 |   0.5 |   1.3 |  12.7 | 181.3
       Dungeon | 100.0 | 100.0 |   0.5 |   1.3 |  12.7 | 181.3
               +-------+-------+-------+-------+-------+----------------------

Table legend:
 A = Kills in this place as a percentage of kills in entire the game.
 B = Kills by you in this place as a percentage of kills by you in the entire game.
 C = Kills by friends in this place as a percentage of kills by friends in the entire game.
 D = Other kills in this place as a percentage of other kills in the entire game.
 E = Experience gained in this place as a percentage of experience gained in the entire game.
 F = Experience gained in this place divided by the number of levels of this place that you have seen.
                   A       B       C       D       E      F
               +-------+-------+-------+-------+-------+----------------------
         Total | 100.0 | 100.0 |  -nan |  -nan | 100.0 |  27.0
       Dungeon | 100.0 | 100.0 |  -nan |  -nan | 100.0 |  27.0
               +-------+-------+-------+-------+-------+----------------------
